 Dungeon Crawl Stone Soup version 0.17-a0-776-gd86b262 (webtiles) character file.

250518 Lokkij the Impaler (level 19, -3/99 HPs)
             Began as a Vine Stalker Warper on Apr 23, 2015.
             Was the Champion of Dithmenos.
             Killed from afar by a Hell Sentinel (58 damage)
             ... with an iron shot
             ... summoned by a deep elf demonologist
             ... led by an ironheart preserver
             ... on level 1 of the Vaults on Apr 24, 2015.
             The game lasted 03:52:46 (41478 turns).

Lokkij the Impaler (Vine Stalker Warper)           Turns: 41478, Time: 03:52:46

Health: -3/99      AC: 26    Str: 15    XL:     19   Next: 63%
Magic:  0/41       EV: 15    Int: 18    God:    Dithmenos [******]
Gold:   2358       SH: 15    Dex: 16    Spells: 6 memorised, 21 levels left

rFire  + . .     SeeInvis .     L - +4 demon trident (drain)
rCold  + . .     Clarity  .     I - +4 ring mail {MR+}
rNeg   . . .     SustAb   .     R - +3 shield
rPois  .         Gourm    .     W - +2 helmet
rElec  .         Spirit   +     K - +1 cloak
rCorr  .         Warding  .     T - +4 pair of gloves of the Guardian {MP+9}
rMut   .         Rnd*Tele +     E - +1 pair of boots
MR     +++..                    (no amulet)
Stlth  +.........               D - ring of protection from cold
                                Z - ring of protection from fire

@: wreathed by umbra, extremely resistant to hostile enchantments, very
unstealthy
A: fangs 3, regeneration 3, shaggy fur 1, teleportitis 1, magic shield,
antimagic bite, no device heal 3, rot immunity
a: Shadow Step, Shadow Form, Renounce Religion
}: 2/15 runes: decaying, serpentine


You were on level 1 of the Vaults.
You worshipped Dithmenos.
Dithmenos was exalted by your worship.
You were not hungry.

You visited 10 branches of the dungeon, and saw 42 of its levels.
You also visited: Sewer and Bailey.

You collected 3235 gold pieces.
You spent 877 gold pieces at shops.

Inventory:

Hand weapons
 L - a +4 demon trident of draining (weapon)
Armour
 E - a +1 pair of boots (worn)
 I - a +4 ring mail of magic resistance (worn)
 K - a +1 cloak (worn)
 R - a +3 shield (worn)
 T - the +4 pair of gloves of the Guardian (worn) {MP+9}
   (You bought it in a shop on level 10 of the Dungeon)

   It affects your magic capacity (+9).
 W - a +2 helmet (worn)
Jewellery
 j - an uncursed ring of poison resistance
 k - an uncursed ring of sustain abilities
 z - an uncursed ring of see invisible
 D - a ring of protection from cold (right hand)
 G - the ring "Sira" {rN++ AC+3}
   (You found it on level 4 of the Dungeon)

   [ring of protection]

   It affects your AC (+3).
   It greatly protects you from negative energy.
 Z - a ring of protection from fire (left hand)
Magical devices
 b - a wand of digging (12)
 g - a wand of invisibility (2)
 t - a wand of hasting (3)
 Y - a wand of teleportation (1)
Scrolls
 a - 9 scrolls of magic mapping
 i - 6 scrolls of teleportation
 n - a scroll of fear
 o - a scroll of blinking
 s - 10 scrolls of remove curse
 u - 5 scrolls of enchant weapon
 v - 4 scrolls of fog
 y - 4 scrolls of enchant armour
 M - a scroll of amnesia
 N - 2 scrolls of identify
 P - 4 scrolls of recharging
 Q - a scroll of brand weapon
 X - a scroll of holy word
Potions
 h - 8 potions of curing
 p - 4 potions of restore abilities
 q - a potion of haste
 A - a potion of resistance
 H - 2 potions of cancellation
 J - 2 potions of magic
 O - 2 potions of might
Books
 c - a book of Spatial Translocations

   Spells                             Type                      Level
   a - Apportation                    Translocation                1
   b - Blink                          Translocation                2
   c - Shroud of Golubria             Charms/Translocation         2
   d - Portal Projectile              Translocation                3
   e - Teleport Other                 Translocation                3
   f - Passage of Golubria            Translocation                4
 r - Kakegew's Guide on the Escort
   (You found it on level 1 of the Elven Halls)

   Spells                             Type                      Level
   a - Call Imp                       Summoning                    2
   b - Recall                         Summoning/Translocation      3
   c - Summon Demon                   Summoning                    5
   d - Monstrous Menagerie            Summoning                    6
 C - a book of Party Tricks

   Spells                             Type                      Level
   a - Summon Butterflies             Summoning                    1
   b - Apportation                    Translocation                1
   c - Tukima's Dance                 Hexes                        3
   d - Alistair's Intoxication        Transmutation/Poison         4
   e - Invisibility                   Hexes                        6
 V - a book of Transfigurations

   Spells                             Type                      Level
   a - Stoneskin                      Transmutation/Earth          2
   b - Irradiate                      Conjuration/Transmutation    5
   c - Statue Form                    Transmutation/Earth          6
   d - Hydra Form                     Transmutation                6
   e - Dragon Form                    Transmutation                7
Miscellaneous
 e - a sack of spiders {used: 7}
 w - a fan of gales
Comestibles
 d - 3 beef jerkies
 f - 23 bread rations
 l - a royal jelly
 B - 6 meat rations


   Skills:
 - Level 10.4 Fighting
 + Level 16.7 Polearms
 - Level 0.8 Throwing
 + Level 11.9 Armour
 - Level 9.1 Dodging
 - Level 10.6 Shields
 - Level 8.5 Spellcasting
 - Level 4.0 Hexes
 - Level 7.0 Charms
 + Level 10.6 Translocations
 - Level 7.0 Transmutations
 - Level 5.6 Earth Magic
 - Level 6.0 Invocations


You had 21 spell levels left.
You knew the following spells:

 Your Spells              Type           Power        Failure   Level  Hunger
a - Shroud of Golubria    Chrm/Tloc      #####.....   1%          2    None
b - Stoneskin             Trmt/Erth      ####....     3%          2    None
c - Apportation           Tloc           #####.....   1%          1    None
d - Passage of Golubria   Tloc           N/A          3%          4    ###....
e - Tukima's Dance        Hex            ###.....     17%         3    None
f - Blink                 Tloc           N/A          1%          2    None


Dungeon Overview and Level Annotations

Branches:
Dungeon (15/15)            Temple (1/1) D:5            Lair (8/8) D:11
  Swamp (5/5) Lair:5        Snake (5/5) Lair:6        Slime (1/6) Lair:8
    Orc (4/4) D:10            Elf (1/3) Orc:3        Vaults (1/5) D:13
 Depths (1/5) D:15

Altars:
Ashenzari
Cheibriados
Dithmenos
Elyvilon
Fedhas
Gozag
Kikubaaqudgha
Makhleb
Nemelex Xobeh
Okawaru
Qazlal
Ru
Sif Muna
Trog
Vehumet
Xom
Yredelemnul
Zin
The Shining One
Beogh
Jiyva

Shops:
D:6 %   D:10 [   D:11 *   D:12 !   Orc:4 =((   Snake:1 *?%   Snake:3 (
Snake:4 (

Annotations:
D:5 1 exclusion
D:8 exclusion: oklob plant
Snake:3 exclusion: Roxanne, Roxanne
Snake:4 Jorgrun


Innate Abilities, Weirdness & Mutations

You have razor-sharp teeth.
You regenerate.
You are covered in fur (AC +1).
When hurt, damage is shared between your health and your magic reserves.
Your bite disrupts and absorbs the magic of your enemies.
Potions and wands cannot restore your health.
You are immune to rotting.
You are occasionally teleported to nearby monsters.


Message History

The iron shot hits you!
The chaos spawn briefly grows a face disturbingly similar to your own.
The deep elf demonologist points at you and mumbles some strange words.
You resist with almost no effort.
Attack whom?
Press: ? - help, Dir - move target cursor, f - deep elf demonologist
Aim: a deep elf demonologist, wielding a long sword (lightly drained, umbra)
You reach to attack!
You barely miss the deep elf demonologist.
The Hell Sentinel gestures at you.
The hellfire explodes!
The blast of hellfire engulfs you!
The blast of hellfire engulfs the Hell Sentinel.
The Hell Sentinel completely resists.
The deep elf demonologist mumbles some strange words.
You hear a roar!
You block the ice devil's attack. The Hell Sentinel gestures at you.
The iron shot hits you!
Ouch! That really hurt!
You die...

.......2#.......# #...........
....3e..e.......# #...........
#########.......# #.=.........
#.......# #...........
#.§e....# #)#[#.#.#.#.
#########3#'#######∩).........
..........2#.......#÷#.#.#.#.#.
........)..e.3p....#...........
...........#1.@...†'...........
..........#.......#...........
..........#.......#...........
..........#.......###########'
##########...!...+...........
#########...........
#........... #.......>...
#...........


You could see a Hell Sentinel, an ironheart preserver, an ice devil, a shadow
demon and 2 deep elf demonologists.

Vanquished Creatures
  Norris (D:13)
  Vashnia (Snake:5)
  Rupert (Lair:4)
  Asterion (Snake:4)
  Gastronok (Lair:3)
  A thorn hunter (Swamp:5)
  Kirke (Snake:4)
  7 greater nagas
  Donald (D:12)
  Aizul (Snake:1)
  Louise (D:14)
  A frost giant (Vaults:1)
  An ironheart preserver (D:13)
  The ghost of 4thArraOfDagon the Grappler, a powerful TrIE of Cheibriados (D:15)
  The ghost of stickyfingers the Brawler, a powerful MiCK of Xom (Lair:4)
  A deep elf demonologist (Elf:1)
  A dire elephant (D:15)
  Snorg (D:11)
  A deep elf death mage (Elf:1)
  3 fire dragons (Swamp:5)
  A great orb of eyes (Vaults:1)
  15 naga warriors
  11 hydras
  Erolcha (Orc:1)
  4 centaur warriors
  A catoblepas (D:15)
  10 anacondas
  4 tengu warriors (D:15)
  4 dancing weapons (Elf:1)
  2 alligators
  A deep troll shaman (Vaults:1)
  14 naga sharpshooters
  2 shock serpents
  2 orc high priests (Orc:4)
  A deep troll earth mage (Vaults:1)
  An unseen horror (shapeshifter) (D:15)
  A small abomination (Elf:1)
  10 deep elf knights
  2 salamander mystics
  A deep troll (Vaults:1)
  2 swamp dragons (Swamp:5)
  12 naga ritualists
  11 hill giants
  A wizard (Vaults:1)
  8 deep elf summoners (Elf:1)
  2 lindwurms (Swamp:5)
  2 unseen horrors
  Pikel (D:9)
  5 orc knights
  14 deep elf conjurers
  3 wolf spider zombies
  2 griffons
  An ironbrand convoker (Vaults:1)
  3 cyclopes
  16 ugly things
  20 salamanders
  3 orc sorcerers
  4 guardian serpents
  8 mana vipers
  21 elephants
  A wolf spider (D:15)
  A hornet (Vaults:1)
  4 manticores
  28 naga magi
  41 black mambas
  A spiny frog (shapeshifter) (D:14)
  A torpor snail (Lair:3)
  2 centaur zombies (D:14)
  3 centaur skeletons
  29 spiny frogs
  4 fire drakes
  3 yaktaurs (D:15)
  8 deep elf priests
  A tengu conjurer (D:15)
  A merfolk (D:15)
  9 giant leeches
  5 komodo dragons
  The ghost of sose the Grave Robber, an experienced VSNe (D:6)
  10 trolls
  23 slime creatures
  A troll (shapeshifter) (Vaults:1)
  14 ravens
  A boulder beetle (Lair:7)
  A two-headed ogre (D:12)
  2 trapdoor spider zombies
  8 blink frogs
  4 baby alligators (Swamp:1)
  2 wraiths
  A trapdoor spider (D:10)
  3 hogs (Snake:4)
  16 humans (D:12)
  11 deep elf magi
  A tarantella (Vaults:1)
  12 vampire mosquitoes
  5 hippogriffs
  4 wyverns
  5 basilisks
  7 mottled dragons
  2 spriggans
  63 yaks
  10 deep elf fighters
  A steam dragon (Swamp:5)
  9 wolves
  A hippogriff (shapeshifter) (D:13)
  3 hungry ghosts
  3 insubstantial wisps (Swamp:1)
  22 swamp worms
  47 nagas
  10 porcupines
  6 ice beasts
  30 water moccasins
  3 wargs
  An eye of draining (D:14)
  5 swamp drakes
  An ettin simulacrum (Vaults:1)
  2 necrophages (D:12)
  A wasp (Swamp:1)
  39 orc warriors
  4 sky beasts
  3 black bears
  2 phantoms (D:12)
  An eye of draining (shapeshifter) (Elf:1)
  12 ogres
  9 boggarts
  11 centaurs
  16 crocodiles
  4 big kobolds
  A big kobold (shapeshifter) (D:14)
  2 brain worms
  39 giant frogs
  A wyvern zombie (D:14)
  A gnoll sergeant (D:10)
  A scorpion (D:14)
  5 electric eels
  4 killer bees (D:7)
  11 wights
  10 crimson imps
  6 hounds
  A wyvern simulacrum (D:14)
  A giant frog zombie (D:5)
  6 jellies
  2 lava snakes (Swamp:5)
  31 orc priests
  34 orc wizards
  A giant frog skeleton (D:5)
  5 iguanas
  3 quasits
  4 hell rats (Lair:4)
  7 worker ants
  A killer bee zombie (D:5)
  7 sheep
  15 gnolls
  15 adders
  57 river rats
  3 shadow imps
  2 oozes
  3 worms
  An adder skeleton (D:10)
  An adder zombie (D:8)
  6 giant geckos
  150 orcs
  11 giant cockroaches
  23 goblins
  25 hobgoblins
  13 jackals
  31 kobolds
  4 quokkas
  4 ball pythons
  15 bats
  A giant gecko zombie (D:7)
  4 giant newts
  A giant spore (D:15)
  A quokka skeleton (D:6)
  13 rats
  3 ballistomycetes
  A butterfly (Lair:6)
  4 toadstools (D:8)
1441 creatures vanquished.

Vanquished Creatures (collateral kills)
  An orc warlord (Orc:4)
  A giant leech (Lair:8)
  3 nagas
  2 orc warriors (Orc:4)
  A giant frog (Lair:8)
  An orc wizard (Orc:4)
  5 orcs (Orc:4)
14 creatures vanquished.

Vanquished Creatures (others)
  2 hydras (Swamp:5)
  A salamander mystic (Snake:3)
  A lindwurm (Swamp:5)
  A swamp dragon (Swamp:5)
  A giant leech (Swamp:5)
  2 ravens (Swamp:1)
  A dancing weapon (Snake:4)
  An air elemental (Lair:8)
  2 humans (Snake:4)
  A steam dragon (Swamp:5)
  A water moccasin (Snake:5)
  A swamp drake (Swamp:5)
  9 spiders (Orc:4)
  A scorpion (Orc:4)
  A wight (D:10)
  An orc wizard (D:10)
  A worker ant (D:9)
  2 kobolds (D:8)
  A giant cockroach (Orc:4)
  A giant gecko skeleton (D:9)
  2 giant spores
  6 plants
  8 toadstools (D:8)
48 creatures vanquished.

Grand Total: 1503 creatures vanquished

Notes
Turn   | Place    | Note
--------------------------------------------------------------
     0 | D:1      | Lokkij, the Vine Stalker Warper, began the quest for the Orb.
     0 | D:1      | Reached XP level 1. HP: 11/11 MP: 4/4
   199 | D:1      | Reached XP level 2. HP: 8/15 MP: 3/6
   420 | D:1      | Learned a level 2 spell: Blink
   423 | D:1      | Learned a level 2 spell: Shroud of Golubria
   637 | D:2      | Reached XP level 3. HP: 12/18 MP: 4/7
   869 | D:2      | Reached XP level 4. HP: 14/23 MP: 5/8
  1582 | D:3      | Reached skill level 4 in Translocations
  1734 | D:3      | Reached XP level 5. HP: 7/26 MP: 2/9
  1968 | D:3      | Reached skill level 1 in Charms
  2039 | D:3      | Found a shimmering altar of Xom.
  2201 | D:3      | Gained mutation: You heal very quickly. [Vine Stalker growth]
  2201 | D:3      | Reached XP level 6. HP: 21/30 MP: 10/10
  2449 | D:4      | Reached skill level 5 in Polearms
  2998 | D:4      | Got a flickering silver ring
  2999 | D:4      | Identified the ring "Sira" {rN++ AC+3} (You found it on level 4 of the Dungeon)
  3030 | D:5      | Entered Level 5 of the Dungeon
  3069 | D:5      | Reached XP level 7. HP: 34/34 MP: 11/11
  3072 | D:5      | Found a sparkling altar of Nemelex Xobeh.
  3079 | D:5      | Found a radiant altar of Vehumet.
  3079 | D:5      | Found a snail-covered altar of Cheibriados.
  3170 | D:5      | Found a glowing drain.
  3219 | Sewer    | Entered a sewer
  3260 | Sewer    | Reached skill level 6 in Polearms
  3366 | Sewer    | Found a white marble altar of Elyvilon.
  3480 | D:5      | Found a staircase to the Ecumenical Temple.
  3488 | Temple   | Entered the Ecumenical Temple
  3555 | Temple   | Became a worshipper of Dithmenos the Shadowed
  3652 | D:5      | Found a bloodstained altar of Trog.
  4143 | D:6      | Noticed sose's ghost (experienced VSNe)
  4190 | D:6      | Killed sose's ghost
  4190 | D:6      | Reached skill level 7 in Polearms
  4190 | D:6      | Gained mutation: You have razor-sharp teeth. [Vine Stalker growth]
  4190 | D:6      | Reached XP level 8. HP: 12/38 MP: 8/14
  4524 | D:6      | Noticed a wraith
  4574 | D:6      | Killed a wraith
  4574 | D:6      | Reached skill level 8 in Polearms
  4891 | D:6      | Found Asuerphou's Food Shoppe.
  4977 | D:6      | Reached skill level 9 in Polearms
  5138 | D:7      | Reached XP level 9. HP: 34/42 MP: 13/16
  5204 | D:7      | Gained mutation: You are partially covered in rugged brown scales (AC +1, +3% HP). [mutagenic meat]
  5206 | D:7      | Gained mutation: You are agile. (Dex +2) [mutagenic meat]
  5326 | D:7      | Reached skill level 10 in Polearms
  5625 | D:7      | Acquired Dithmenos's first power
  5851 | D:7      | Found a burning altar of Makhleb.
  5851 | D:7      | Noticed an Executioner
  5856 | D:7      | Noticed an orange demon
  6102 | D:8      | Found a blossoming altar of Fedhas.
  6125 | D:8      | Noticed an oklob plant
  6188 | D:8      | Reached skill level 11 in Polearms
  6199 | D:8      | Got an uncursed ichor-stained dagger {drain}
  6249 | D:8      | Found a flagged portal.
  6255 | Bailey   | Entered a bailey
  6413 | Bailey   | Noticed an orc knight
  6837 | D:8      | Reached XP level 10. HP: 47/47 MP: 17/17
  7068 | D:9      | Noticed Pikel
  7090 | D:9      | Killed Pikel
  7090 | D:9      | Reached skill level 12 in Polearms
  7195 | D:9      | Acquired Dithmenos's second power
  7347 | D:9      | Found a viscous altar of Jiyva.
  7468 | D:9      | Reached skill level 13 in Polearms
  7940 | D:10     | Entered Level 10 of the Dungeon
  7970 | D:10     | Found Vaxtaamofu's Antique Armour Emporium.
  7981 | D:10     | Bought a pair of warped gloves for 304 gold pieces
  7981 | D:10     | Identified the +4 pair of gloves of the Guardian {MP+9} (You bought it in a shop on level 10 of the Dungeon)
  8014 | D:10     | Found an opulent altar of Gozag.
  8080 | D:10     | Reached XP level 11. HP: 47/51 MP: 18/18
  8273 | D:10     | Noticed a manticore
  8274 | D:10     | Noticed a hill giant
  8295 | D:10     | Killed a hill giant
  8314 | D:10     | Killed a manticore
  8363 | D:10     | Acquired Dithmenos's third power
  8373 | D:10     | Reached skill level 5 in Dodging
  8803 | D:10     | Found a staircase to the Orcish Mines.
  8816 | D:10     | Noticed an unseen horror
  8833 | D:10     | Killed an unseen horror
  8842 | D:10     | Noticed a hill giant
  8852 | D:10     | Killed a hill giant
  9083 | D:11     | Noticed a hill giant
  9093 | D:11     | Killed a hill giant
  9116 | D:11     | Reached skill level 14 in Polearms
  9163 | D:11     | Found a staircase to the Lair.
  9170 | Lair:1   | Entered Level 1 of the Lair of Beasts
  9188 | D:11     | Noticed a six-headed hydra
  9208 | D:11     | Killed a six-headed hydra
  9386 | D:11     | Found Zonnudul's Serpentskin Sales.
  9405 | D:11     | Reached skill level 5 in Charms
  9612 | D:11     | Noticed Snorg
  9656 | D:11     | Killed Snorg
  9656 | D:11     | Gained mutation: You regenerate. [Vine Stalker growth]
  9656 | D:11     | Reached XP level 12. HP: 28/55 MP: 19/19
  9769 | D:11     | Acquired Dithmenos's fourth power
 10800 | Lair:2   | Reached XP level 13. HP: 57/66 MP: 20/20
 12496 | Lair:3   | Noticed Gastronok
 12517 | Lair:3   | Killed Gastronok
 12691 | Lair:4   | Noticed stickyfingers's ghost (powerful MiCK)
 12761 | Lair:4   | Killed stickyfingers's ghost
 12761 | Lair:4   | Reached skill level 5 in Translocations
 13149 | Lair:4   | Reached skill level 15 in Polearms
 13194 | Lair:4   | Noticed Rupert
 13212 | Lair:4   | Killed Rupert
 13826 | Lair:5   | Reached XP level 14. HP: 65/72 MP: 21/21
 13838 | Lair:5   | Reached skill level 1 in Invocations
 14226 | Lair:5   | Found a staircase to the Swamp.
 14259 | Swamp:1  | Entered Level 1 of the Swamp
 15741 | Lair:6   | Found a staircase to the Snake Pit.
 15756 | Snake:1  | Entered Level 1 of the Snake Pit
 16513 | Orc:1    | Entered Level 1 of the Orcish Mines
 16513 | Orc:1    | Noticed Erolcha
 16575 | D:10     | Learned a level 4 spell: Passage of Golubria
 16598 | Orc:1    | Killed Erolcha
 17233 | Orc:3    | Found a roughly hewn altar of Beogh.
 17251 | Orc:3    | Found a staircase to the Elven Halls.
 17270 | Elf:1    | Entered Level 1 of the Elven Halls
 17539 | Orc:3    | Upgraded the game from 0.17-a0-764-gd40c196 to 0.17-a0-776-gd86b262
 17673 | Orc:4    | Entered Level 4 of the Orcish Mines
 17767 | Orc:1    | You fall through a shaft!
 17851 | D:12     | Reached skill level 5 in Spellcasting
 17884 | D:12     | Lost mutation: You are agile. (Dex +2) [mutagenic meat]
 17885 | D:12     | Gained mutation: You can spit weak poison. [mutagenic meat]
 17886 | D:12     | Gained mutation: You can spit poison. [mutagenic meat]
 17887 | D:12     | Gained mutation: Your flesh is cold resistant. [mutagenic meat]
 17972 | D:12     | Found Atujori's Distillery.
 18669 | D:13     | Found a gate to the Vaults.
 18669 | D:13     | Noticed Donald
 18669 | D:13     | Noticed Norris
 18802 | D:12     | Killed Donald
 18930 | D:12     | Reached skill level 1 in Shields
 19128 | D:13     | Killed Norris
 19128 | D:13     | Reached skill level 5 in Shields
 19128 | D:13     | Reached XP level 15. HP: 53/80 MP: 24/24
 19828 | D:14     | Noticed Louise
 19935 | D:14     | Killed Louise
 21878 | Lair:8   | Entered Level 8 of the Lair of Beasts
 22164 | Lair:8   | Got a distressingly furry ring mail
 22165 | Lair:8   | Identified the +4 ring mail "Xuwnuy Roomm" {MP-9 Str+8 Int+2 Stlth+} (You found it on level 8 of the Lair of Beasts)
 22236 | Lair:8   | Found a viscous altar of Jiyva.
 22236 | Lair:8   | Found a staircase to the Slime Pits.
 22242 | Slime:1  | Entered Level 1 of the Pits of Slime
 22492 | Lair:8   | Found a labyrinth entrance.
 23453 | Orc:4    | Reached skill level 5 in Invocations
 23729 | Orc:4    | Found a roughly hewn altar of Beogh.
 23729 | Orc:4    | Found Wauck's Weapon Shop.
 24007 | Orc:4    | Found a roughly hewn altar of Beogh.
 24007 | Orc:4    | Found Gaufyjul's Jewellery Emporium.
 24523 | Orc:4    | Noticed an orc warlord
 24665 | Orc:4    | Reached skill level 10 in Fighting
 24863 | Orc:4    | Killed an orc warlord
 25148 | Orc:4    | Found Jihyivest's Antique Armour Emporium.
 25148 | Orc:4    | Found a roughly hewn altar of Beogh.
 25151 | Orc:4    | Found Dysuk's Antique Weapon Shoppe.
 25502 | Snake:1  | Found Evabeiw's Magic Scroll Emporium.
 25541 | Snake:1  | Found Waujecob's Assorted Antiques.
 25569 | Snake:1  | Bought a fizzy puce potion for 25 gold pieces
 25607 | Snake:1  | Found Kat Pehi's Food Shop.
 25702 | Snake:1  | Reached XP level 16. HP: 47/87 MP: 25/25
 26095 | Snake:1  | Reached skill level 1 in Armour
 26122 | Snake:1  | Noticed Aizul
 26225 | Snake:1  | Killed Aizul
 26394 | Snake:1  | Bought a papyrus book for 420 gold pieces
 26398 | Snake:1  | Learned a level 3 spell: Tukima's Dance
 26781 | Snake:2  | Reached skill level 1 in Hexes
 27221 | Snake:2  | Reached skill level 10 in Shields
 27871 | Snake:3  | Noticed Roxanne
 28270 | Snake:2  | Identified a scroll of acquirement
 28410 | Snake:3  | Reached skill level 5 in Armour
 28440 | Snake:3  | Found Jaurphoce's Antique Weapon Shoppe.
 29191 | Snake:4  | Noticed Kirke
 29211 | Snake:4  | Killed Kirke
 29225 | Snake:4  | Learned a level 2 spell: Stoneskin
 29549 | Snake:4  | Reached skill level 1 in Transmutations
 29549 | Snake:4  | Reached XP level 17. HP: 90/92 MP: 29/29
 29576 | Snake:4  | Found Noloul's Weapon Emporium.
 30887 | D:14     | Reached skill level 1 in Earth Magic
 30907 | D:14     | Found a blossoming altar of Fedhas.
 31167 | D:14     | Gained mutation: You are clumsy. (Dex -2) [potion of mutation]
 31167 | D:14     | Gained mutation: You expend magic power (3 MP) to strengthen your wands. [potion of mutation]
 31168 | D:14     | Lost mutation: You expend magic power (3 MP) to strengthen your wands. [potion of cure mutation]
 31168 | D:14     | Lost mutation: You are clumsy. (Dex -2) [potion of cure mutation]
 31168 | D:14     | Lost mutation: You can spit poison. [potion of cure mutation]
 31168 | D:14     | Lost mutation: You can spit weak poison. [potion of cure mutation]
 31168 | D:14     | Lost mutation: You are partially covered in rugged brown scales (AC +1, +3% HP). [potion of cure mutation]
 31168 | D:14     | Lost mutation: Your flesh is cold resistant. [potion of cure mutation]
 31287 | D:15     | Entered Level 15 of the Dungeon
 31472 | D:15     | Noticed 4thArraOfDagon's ghost (powerful TrIE)
 31495 | D:15     | Killed 4thArraOfDagon's ghost
 31885 | D:15     | Reached skill level 5 in Transmutations
 31962 | D:15     | Gained mutation: You are resistant to hostile enchantments. [mutagenic meat]
 31963 | D:15     | Gained mutation: Your spells are a little harder to cast, but a little more powerful. [mutagenic meat]
 31964 | D:15     | Gained mutation: You have a pair of small horns on your head. [mutagenic meat]
 31965 | D:15     | Gained mutation: You are partially covered in slimy green scales (AC +2). [mutagenic meat]
 31966 | D:15     | Gained mutation: You are occasionally teleported to nearby monsters. [mutagenic meat]
 31967 | D:15     | Gained mutation: You have large cloven feet. [mutagenic meat]
 32068 | D:15     | Found a staircase to the Depths.
 32099 | Depths:1 | Entered Level 1 of the Depths
 33516 | Swamp:2  | Got a faintly glowing leather armour
 33527 | Swamp:2  | Identified the +1 leather armour of Parphuin {rF+ MP+9 Str-5 Int+2} (You found it on level 2 of the Swamp)
 33624 | Swamp:3  | Got a translucent leather armour
 33635 | Swamp:3  | Identified the cursed +1 leather armour of Birdsong {rElec Int-3 SInv} (You found it on level 3 of the Swamp)
 33688 | Swamp:3  | Reached XP level 18. HP: 87/95 MP: 31/31
 33952 | Swamp:5  | Entered Level 5 of the Swamp
 34019 | Swamp:5  | Reached skill level 5 in Earth Magic
 35289 | Swamp:5  | Got a decaying rune of Zot
 35363 | Swamp:5  | Reached skill level 10 in Armour
 35740 | Snake:5  | Entered Level 5 of the Snake Pit
 35740 | Snake:5  | Noticed Jorgrun
 35740 | Snake:5  | Noticed Vashnia
 35875 | Snake:5  | Noticed Asterion
 35994 | Snake:4  | Killed Asterion
 36514 | Snake:5  | Killed Vashnia
 37080 | Snake:5  | Lost mutation: You have a pair of small horns on your head. [mutagenic meat]
 37081 | Snake:5  | Gained mutation: You occasionally shout uncontrollably at your foes. [mutagenic meat]
 37082 | Snake:5  | Lost mutation: You have large cloven feet. [mutagenic meat]
 37083 | Snake:5  | Gained mutation: You tend to lose your temper in combat. [mutagenic meat]
 37084 | Snake:5  | Gained mutation: You are clumsy. (Dex -2) [mutagenic meat]
 37366 | D:10     | Bought a glowing hat for 128 gold pieces
 37890 | Snake:4  | Reached skill level 16 in Polearms
 38521 | Snake:5  | Reached XP level 19. HP: 96/99 MP: 32/32
 38641 | Snake:5  | Got a serpentine rune of Zot
 39814 | Elf:1    | Identified Kakegew's Guide on the Escort (You found it on level 1 of the Elven Halls)
 40163 | Elf:1    | Reached skill level 10 in Translocations
 40492 | Elf:1    | Lost mutation: You are clumsy. (Dex -2) [potion of cure mutation]
 40492 | Elf:1    | Lost mutation: You tend to lose your temper in combat. [potion of cure mutation]
 40492 | Elf:1    | Lost mutation: Your spells are a little harder to cast, but a little more powerful. [potion of cure mutation]
 40492 | Elf:1    | Lost mutation: You are resistant to hostile enchantments. [potion of cure mutation]
 40492 | Elf:1    | Lost mutation: You occasionally shout uncontrollably at your foes. [potion of cure mutation]
 40492 | Elf:1    | Lost mutation: You are partially covered in slimy green scales (AC +2). [potion of cure mutation]
 40961 | Vaults:1 | Entered Level 1 of the Vaults
 41318 | Vaults:1 | Paralysed by a hornet for 4 turns
 41478 | Vaults:1 | Killed from afar by a Hell Sentinel

Action                   |  1- 3 |  4- 6 |  7- 9 | 10-12 | 13-15 | 16-18 | 19-21 || total
-------------------------+-------+-------+-------+-------+-------+-------+-------++-------
Melee: Spear             |   142 |   323 |   395 |   510 |  3261 |   761 |       ||  5392
       Halberd           |       |       |   318 |   385 |   242 |       |       ||   945
       Demon trident     |       |       |       |       |       |  1992 |   596 ||  2588
 Cast: Shroud of Golubri |     2 |     9 |    28 |    26 |    80 |    61 |    13 ||   219
       Blink             |       |       |     9 |     6 |     4 |     2 |     3 ||    24
       Apportation       |       |       |       |       |     1 |       |       ||     1
       Tukima's Dance    |       |       |       |       |       |    24 |       ||    24
       Stoneskin         |       |       |       |       |       |    21 |     8 ||    29
 Abil: Spit Poison       |       |       |       |       |     6 |     6 |       ||    12
Evoke: Wand              |       |       |       |     1 |    16 |     8 |       ||    25
       Sack of spiders   |       |       |       |       |     7 |       |       ||     7
       Fan of gales      |       |       |       |       |     1 |       |       ||     1
  Use: Scroll            |       |     3 |     1 |    19 |    12 |    18 |     2 ||    55
       Potion            |       |       |    10 |     4 |     6 |     9 |     2 ||    31
 Stab: Sleeping          |       |     5 |     6 |     8 |     4 |       |       ||    23
       Invisible         |       |       |       |     2 |    24 |       |       ||    26
       Fleeing           |       |       |       |     1 |       |       |       ||     1
       Distracted        |       |       |       |       |    17 |     2 |       ||    19
  Eat: Chunk             |       |     4 |    16 |    14 |    40 |    23 |     4 ||   101
       Meat ration       |       |     1 |       |     1 |     1 |     6 |     1 ||    10
       Beef jerky        |       |       |       |     1 |       |     1 |       ||     2
       Fruit             |       |       |       |       |     9 |       |     4 ||    13
       Pizza             |       |       |       |       |     1 |     1 |       ||     2
